 Dungeon Crawl Stone Soup version 0.25-a0-663-gace7076f2c (webtiles) character file.

Game seed: 9255367783282381488, levelgen mode: deterministic

105 ReteAZ the Skirmisher (level 4, -2/40 HPs)
             Began as a Ghoul Fighter on Mar 25, 2020.
             Killed from afar by Natasha (5 damage)
             ... with a magic dart
             ... on level 2 of the Dungeon.
             The game lasted 00:01:15 (929 turns).

ReteAZ the Skirmisher (Ghoul Fighter)                Turns: 929, Time: 00:01:15

Health: -2/40      AC:  6    Str: 19    XL:     4   Next: 81%
Magic:  3/3        EV:  7    Int:  4    God:
Gold:   48         SH:  8    Dex:  8    Spells: 3/3 levels left

rFire    . . .     SeeInvis .     - Unarmed
rCold    + . .     Gourm    .   b - +0 kite shield
rNeg     + + +     Faith    .   a - +0 scale mail
rPois    ∞         Spirit   .   (no helmet)
rElec    .         Reflect  .   (no cloak)
rCorr    .         Harm     .   (no gloves)
MR       .....                  (no boots)
Stlth    ..........             (no amulet)
HPRegen  0.00/turn              (no ring)
MPRegen  0.08/turn              (no ring)

@: rotting, slowed, very slow
A: rotting body, claws 1, carnivore, cold resistance 1, negative energy
resistance 3, inhibited regeneration, torment resistance, unbreathing
a: no special abilities


You were on level 2 of the Dungeon.
You were not hungry.

You visited 1 branch of the dungeon, and saw 2 of its levels.

You collected 48 gold pieces.

Inventory:

Armour
 a - a +0 scale mail (worn)
 b - a +0 kite shield (worn)
Scrolls
 e - a scroll of random uselessness {unknown}
 h - a scroll of enchant armour {unknown}
 i - a scroll of identify {unknown}
 j - a scroll of fog {unknown}
 k - a scroll of fear {unknown}
 l - a scroll of remove curse {unknown}
Potions
 c - a potion of might
 g - a potion of brilliance {unknown}
Comestibles
 d - 3 rations
 f - 4 chunks of flesh


   Skills:
 + Level 3.9 Fighting
 + Level 3.2 Armour
 + Level 3.2 Shields
 * Level 3.7 Unarmed Combat


You had 3 spell levels left.
You didn't know any spells.
Your spell library contained the following spells:

 Spells                   Type           Power        Failure   Level  Hunger
 Confusing Touch          Hex            #.......     100%        3    ####...
 Gell's Gravitas          Tloc           #.........   100%        3    ####...
 Petrify                  Tmut/Erth      #.......     100%        4    #####..
 Metabolic Englaciation   Hex/Ice        #.........   100%        5    ######.
 Yara's Violent Unravell  Hex/Tmut       #.........   100%        5    ######.


Dungeon Overview and Level Annotations

Branches:
Dungeon (2/15)

Altars:

Annotations:
D:2 Natasha


Innate Abilities, Weirdness & Mutations

Your body is rotting away.
You thrive on raw meat.
You are immune to poison.
You have sharp fingernails.
You are carnivorous and can eat meat at any time.
Your flesh is cold resistant. (rC+)
You are immune to negative energy. (rN+++)
You do not regenerate when monsters are visible.
You are immune to unholy pain and torment.
You can survive without breathing.


Message History

You closely miss Natasha.
Natasha is severely wounded.
The shadow imp disappears in a puff of smoke!
Natasha claws you.
* * * LOW HITPOINT WARNING * * *
You scratch Natasha but do no damage.
Natasha is severely wounded.
Natasha stares at you and mumbles some strange words.
You feel yourself slow down.
You scratch Natasha but do no damage.
Natasha is severely wounded.
Natasha casts a spell at you. You resist with some effort. Natasha claws you.
* * * LOW HITPOINT WARNING * * *
You barely miss Natasha.
Natasha is severely wounded.
The crimson imp blinks!
Natasha stares at you and mumbles some strange words.
The magic dart hits you.
You die...

#.......#...........#
##.#...###...>....#.#
#.#).## ##..........
#....# #..........
##...#####........#.
##.................
#......## ..##.
#.§...## ## #@#§..# #
#....5h...# #
..>.###........ ..
......... .........
.......... #.........
#.#...#...


You could see Natasha and a crimson imp.

Vanquished Creatures
  Natasha (twice) (D:2)
  2 adders (D:2)
  A worm (D:2)
  2 dart slugs (D:1)
  3 ball pythons (D:2)
  2 bats (D:2)
  A giant cockroach (D:1)
  5 goblins (D:1)
  3 hobgoblins
  2 jackals (D:1)
  3 frilled lizards (D:1)
  3 kobolds
  7 rats
36 creatures vanquished.

Notes
Turn   | Place    | Note
-------+----------+-------------------------------------------
     0 | D:1      | ReteAZ the Ghoul Fighter began the quest for the Orb.
     0 | D:1      | Reached XP level 1. HP: 19/19 MP: 0/0
    50 | D:1      | Reached XP level 2. HP: 13/26 MP: 1/1
   541 | D:1      | Reached XP level 3. HP: 30/31 MP: 2/2
   672 | D:2      | Noticed Natasha
   681 | D:2      | Killed Natasha
   736 | D:2      | Noticed Natasha
   742 | D:2      | Killed Natasha
   742 | D:2      | Reached XP level 4. HP: 20/40 MP: 3/3
   907 | D:2      | Noticed Natasha
   929 | D:2      | Killed from afar by Natasha

Levels and vault maps discovered:
D:1:      ebering_hopf_link, layout_basic
D:2:      layout_rooms, hangedman_decor_push, hangedman_decor_growths,
          serial_bayou_pond_a, palyth_stone_intersect, minmay_tall_x,
          uniq_natasha

Skill      XL: |  1  2  3 |
---------------+----------+-----
Armour         | 3 |  3.2
Shields        | 3 |  3.2
Unarmed Combat | 3 |  3.7
Fighting       | |  3.9

Action                   |  1- 3 |  4- 6 || total
-------------------------+-------+-------++-------
Melee: Unarmed           |    79 |    46 ||   125
  Eat: Chunk             |     8 |     6 ||    14
Armor: Scale mail        |    27 |    17 ||    44
Dodge: Dodged            |    18 |    18 ||    36
Block: Kite shield       |    31 |    19 ||    50

Table legend:
 A = Non-vault XP
 B = Vault XP
 C = Vault XP percentage of total XP
 D = Non-vault monster count
 E = Vault monster count
 F = Vault count percentage of total count
                 A         B        C        D         E       F
            +---------+---------+-------+---------+---------+-------
      Total |      99 |      51 |  34.0 |      31 |       5 |  13.9
            +---------+---------+-------+---------+---------+-------
        D:1 |      38 |       0 |   0.0 |      22 |       0 |   0.0
        D:2 |      61 |      51 |  45.5 |       9 |       5 |  35.7
            +---------+---------+-------+---------+---------+-------
